 Dungeon Crawl Stone Soup version 0.31-a0-152-g6aa68a64a1 (webtiles) character file.

Game seed: 1005512326670368275

23 qw the Shooter (level 2, -6/26 HPs)
             Began as a Minotaur Hunter on June 9, 2023.
             Mangled by Sigmund
             ... wielding a +0 scythe
              (9 damage)
             ... on level 2 of the Dungeon.
             The game lasted 00:00:14 (937 turns).

qw the Shooter (Minotaur Hunter)                     Turns: 937, Time: 00:00:14

Health: -6/26      AC:  3    Str: 15    XL:     2   Next: 75%
Magic:  1/1        EV: 12    Int:  6    God:
Gold:   20         SH:  0    Dex: 13    Spells: 1/1 levels left

rFire   . . .        Y - +0 shortbow
rCold   . . .        (shield currently unavailable)
rNeg    . . .        c - +0 leather armour
rPois   .            (helmet restricted)
rElec   .            h - scarf {repulsion}
rCorr   .            (no gloves)
SInv    .            (no boots)
Will    .....        (no amulet)
Stlth   +            (no ring)
HPRegen 0.24/turn    (no ring)
MPRegen 0.07/turn

%: repel missiles
@: no status effects
A: horns 2, retaliatory headbutt
a: no special abilities


You were on level 2 of the Dungeon.
You visited 1 branch of the dungeon, and saw 2 of its levels.

You collected 20 gold pieces.


Innate Abilities, Weirdness & Mutations

You have a pair of horns on your head.
You reflexively headbutt those who attack you in melee.


   Skills:
 - Level 3.0 Fighting
 + Level 5.1 Ranged Weapons
 - Level 2.1 Dodging
 - Level 0.7 Stealth


You had one spell level left.
You didn't know any spells.
Your spell library was empty.

Inventory:

Hand Weapons
 Y - a +0 shortbow (weapon)
Armour
 c - a +0 leather armour (worn)
 h - a scarf of repulsion (worn)
Potions
 f - a potion of degeneration {unknown}
 g - 3 potions of curing

Dungeon Overview and Level Annotations

Branches:
Dungeon (2/15)

Altars:

Annotations:
D:2 Sigmund


Message History

Sigmund the Dreaded comes into view.
He is wielding a +0 scythe and wearing a +0 robe of positive energy.
You shoot an arrow. The arrow hits Sigmund!
Sigmund shouts!
Sigmund is moderately wounded.
You shoot an arrow. The arrow hits Sigmund!
Sigmund is heavily wounded.
Sigmund barely misses you.
You shoot an arrow. The arrow barely misses Sigmund.
A quokka comes into view.
An endoplasm comes into view.
Sigmund closely misses you.
The quokka moves out of view.
You shoot an arrow. The arrow hits Sigmund.
Sigmund is severely wounded.
Sigmund misses you.
You shoot an arrow. The arrow hits Sigmund!
Sigmund is almost dead.
You shoot an arrow. The arrow hits the endoplasm.
The endoplasm is heavily wounded.
Sigmund screams, "Don't try to resist!"
Sigmund barely misses you. The endoplasm hits you.
You shoot an arrow. The arrow hits the endoplasm.
The endoplasm is heavily wounded.
Sigmund hits you from afar with a +0 scythe.
The endoplasm hits you but does no damage.
You shoot an arrow. The arrow hits the endoplasm!
You kill the endoplasm!
Sigmund gestures wildly while chanting.
Sigmund flickers and vanishes!
Deactivating autopickup; reactivate with Ctrl-A.
You shoot an arrow. The arrow closely misses the quokka.
The quokka closely misses you. Something hits you! The quokka misses you.
You shoot an arrow.
The arrow hits the quokka but does no damage.
The quokka bites you but does no damage.
Something hits you!
You shoot an arrow. The arrow barely misses the quokka.
The quokka closely misses you. Something barely misses you.
The quokka barely misses you.
You shoot an arrow. The arrow closely misses the quokka.
The quokka barely misses you. Something hits you!
You die...

#.##.# #.##.# #.##.#
. #.##!# .# #.##.#
.. #.##.# ..
#######.##.# .#
...........###{.##.#
#######.###.@r......
#.# #.########
#.###.# #.....#
#####.# #.# #######
#.# #.....# #.#
###.###.# #.#


You could see a quokka.

Vanquished Creatures
  2 ball pythons (D:1)
  3 endoplasms
  A giant cockroach (D:1)
  4 goblins (D:1)
  3 hobgoblins (D:1)
  3 bats (D:1)
  A frilled lizard (D:1)
  3 rats (D:1)
20 creatures vanquished.

Notes
Turn   | Place    | Note
-------+----------+-------------------------------------------
     0 | D:1      | qw the Minotaur Hunter began the quest for the Orb.
     0 | D:1      | Reached XP level 1. HP: 18/18 MP: 0/0
     0 | D:1      | 0 ||| qw: Version: 0.2-a-121-gba3a3e5
     0 | D:1      | 0 ||| qw: Game counter: 3196
     0 | D:1      | 0 ||| qw: Always use a shield: true
     0 | D:1      | 0 ||| qw: God list: Okawaru
     0 | D:1      | 0 ||| qw: Allow faded altars: false
     0 | D:1      | 0 ||| qw: Do Orc after D:15 true
     0 | D:1      | 0 ||| qw: Do second Lair branch before Depths: true
     0 | D:1      | 0 ||| qw: Lair rune preference: random
     0 | D:1      | 0 ||| qw: Plans: Normal
     0 | D:1      | 0 ||| PLANNING D:1-11
   114 | D:1      | 114 ||| Stepping ~*~*~tactically~*~*~ (water).
   179 | D:1      | Reached XP level 2. HP: 22/25 MP: 1/1
   208 | D:1      | Reached skill level 5 in Ranged Weapons
   774 | D:1      | Reached skill level 3 in Fighting
   839 | D:1      | 839 ||| UPGRADING to scarf of repulsion.
   844 | D:1      | 844 ||| DROPPING ring of flight.
   845 | D:1      | 845 ||| READING scroll labelled GAUFARR ZIVA.
   846 | D:1      | 846 ||| DRINKING 2 sapphire potions.
   847 | D:1      | 847 ||| DROPPING scroll of butterflies.
   925 | D:2      | Noticed Sigmund
   935 | D:2      | HP: 3/26 [something (8)]
   937 | D:2      | Mangled by Sigmund

Levels and vault maps discovered:
D:1:      lightli_arrival_isolated_outpost, layout_basic, st_stairs_2
D:2:      layout_loops_ring, ebering_ecumenical_altar_box, chequers_jeans,
          uniq_sigmund

Skill      XL: |  1  2 |
---------------+-------+-----
Ranged Weapons | 5 |  5.1
Fighting       | 3 |  3.0
Dodging        | |  2.1
Stealth        | |  0.7

Action                     || total
---------------------------++-------
   Fire: Shortbow          ||    48
    Use: Scroll            ||     1
         Potion            ||     1
 Armour: Leather armour    ||     4
  Dodge: Dodged            ||    16

Table legend:
 A = Non-vault XP
 B = Vault XP
 C = Vault XP percentage of total XP
 D = Non-vault monster count
 E = Vault monster count
 F = Vault count percentage of total count
                 A         B        C        D         E       F
            +---------+---------+-------+---------+---------+-------
      Total |      30 |       4 |  11.8 |      17 |       3 |  15.0
            +---------+---------+-------+---------+---------+-------
        D:1 |      26 |       4 |  13.3 |      15 |       3 |  16.7
        D:2 |       4 |       0 |   0.0 |       2 |       0 |   0.0
            +---------+---------+-------+---------+---------+-------
